 Dungeon Crawl Stone Soup version 0.25.1-2-g60ff931df9 (webtiles) character file.

Game seed: 5066061225369736915

575 Antenora the Agent of Entropy (level 7, 0/55 HPs)
             Began as a Demonspawn Abyssal Knight on Nov 5, 2020.
             Was a Priest of Lugonu.
             Killed by nerve-wracking pain
             ... invoked by a shadow imp
              (9 damage)
             ... on level 5 of the Dungeon.
             The game lasted 00:34:02 (3989 turns).

Antenora the Agent of Entropy (DsAK)                Turns: 3989, Time: 00:34:03

Health: 0/55       AC:  3    Str: 14    XL:     7   Next: 12%
Magic:  10/10      EV: 12    Int: 14    God:    Lugonu [***...]
Gold:   76         SH:  0    Dex: 12    Spells: 6/6 levels left

rFire    + . .     SeeInvis .   d - +2 dagger (elec)
rCold    . . .     Gourm    .   (no shield)
rNeg     . . .     Faith    .   j - +0 leather armour {rPois}
rPois    +         Spirit   .   (helmet restricted)
rElec    .         Reflect  .   (no cloak)
rCorr    .         Harm     .   (no gloves)
MR       .....     Clarity  +   (no boots)
Stlth    ++........             (no amulet)
HPRegen  0.18/turn              h - ring of poison resistance
MPRegen  0.12/turn              (no ring)

@: hasted, very quick
A: antennae 2, thin skeletal structure 1, clarity, clumsy 1, fire resistance 1,
mutation resistance 1, powered by death 1
a: Depart the Abyss, Bend Space, Banish, Renounce Religion


You were on level 5 of the Dungeon.
You worshipped Lugonu.
Lugonu was most pleased with you.
You were very full.

You visited 2 branches of the dungeon, and saw 6 of its levels.
You visited the Abyss 1 time.

You collected 136 gold pieces.
You spent 60 gold pieces at shops.

Inventory:

Hand Weapons
 a - a +1 falchion
 d - a +2 dagger of electrocution (weapon)
Armour
 b - a +0 leather armour
 j - a +0 leather armour of poison resistance (worn)
Jewellery
 h - a ring of poison resistance (left hand)
Scrolls
 g - 3 scrolls of remove curse
 i - 2 scrolls of identify
Comestibles
 c - 3 rations


   Skills:
 + Level 4.5 Fighting
 + Level 2.5(3.2) Short Blades
 - Level 2.9(3.4) Long Blades
 + Level 2.9 Armour
 + Level 2.5 Dodging
 + Level 1.5 Stealth
 * Level 5.0 Invocations


You had 6 spell levels left.
You didn't know any spells.
Your spell library was empty.

Dungeon Overview and Level Annotations

Branches:
Dungeon (5/15)             Temple (1/1) D:4

Altars:
Cheibriados
Dithmenos
Elyvilon
Fedhas
Kikubaaqudgha
Makhleb
Nemelex Xobeh
Qazlal
Ru
Sif Muna
Xom
Yredelemnul
Zin

Shops:
D:4 ?

Annotations:
Abyss:1 Sigmund


Innate Abilities, Weirdness & Mutations

You have a pair of antennae on your head.
You have a somewhat thin skeletal structure. (Dex +2, Stealth)
Your flesh is heat resistant. (rF+)
You regenerate a little health from kills.
You possess an exceptional clarity of mind.
You are clumsy. (Dex -2)
You are somewhat resistant to further mutation.


Message History

The shadow imp is lightly wounded.
The shadow imp hits you.
* * * LOW HITPOINT WARNING * * *
You hit the shadow imp but do no damage.
The shadow imp is lightly wounded.
The shadow imp gestures at you.
You struggle to resist.
You hit the shadow imp but do no damage.
The shadow imp is lightly wounded.
You hit the shadow imp but do no damage.
The shadow imp is lightly wounded.
The shadow imp hits you.
* * * LOW HITPOINT WARNING * * *
You feel yourself speed up. The shadow imp barely misses you.
The shadow imp gestures at you.
You struggle to resist.
The shadow imp puffs mist at you. The shadow imp gestures at you.
Pain shoots through your body!
You die...

*,,,,≈*#..#.....#.##......
********,,,≈,≈##.##.##.#.###'####
,,,,,,,,,,,≈≈≈*#.........##......
,,,,,,,,,,,≈≈,*#.5..##.####..)...
,,,,,,,,,,,,≈**#....##.# #......
,,,,,,,,,,,,*####.#.##.# #.<....
,,,,,,,,,,,,*#......##.####......
,,,,,,,,,,,,*#......#.<...#......
,,,,,,,,,,,,*#..@...#.....#......
,,,,,,,,,,,,*#....#>..)..........
,,,,,,,,,,,,*#....###............
*************#....# #............
#....# #............ #....#
#...........) ######
######....... #.###### #.......


You could see a shadow imp.

Vanquished Creatures
  2 scorpions (D:4)
  2 orc wizards (D:3)
  2 worker ants (D:4)
  3 adders
  3 gnolls (D:5)
  An adder zombie (D:2)
  An adder skeleton (D:4)
  5 worms
  A dart slug (D:2)
  2 leopard geckos
  9 orcs (D:3)
  3 ball pythons
  4 bats
  8 giant cockroaches
  7 goblins
  5 hobgoblins
  7 jackals (D:3)
  8 frilled lizards
  6 kobolds
  A leopard gecko skeleton (D:4)
  6 rats
86 creatures vanquished.

Vanquished Creatures (others)
  A phantom (D:4)
  A gnoll sergeant (D:5)
2 creatures vanquished.

Grand Total: 88 creatures vanquished

Notes
Turn   | Place    | Note
-------+----------+-------------------------------------------
     0 | Abyss:1  | Antenora the Demonspawn Abyssal Knight began the quest for
                  | the Orb.
     0 | Abyss:1  | Reached XP level 1. HP: 18/18 MP: 2/2
    20 | Abyss:1  | Found a corrupted altar of Lugonu.
    25 | D:1      | Escaped the Abyss
   318 | D:1      | Gained mutation: You have a somewhat thin skeletal
                  | structure. (Dex +2, Stealth) [demonic ancestry]
   318 | D:1      | Reached XP level 2. HP: 5/24 MP: 3/3
   510 | D:1      | Reached skill level 1 in Dodging
   784 | D:2      | Reached ** piety under Lugonu
   797 | D:2      | Gained mutation: Your flesh is heat resistant. (rF+)
                  | [demonic ancestry]
   797 | D:2      | Reached XP level 3. HP: 5/29 MP: 5/5
  1237 | D:2      | Reached skill level 3 in Invocations
  1407 | D:2      | Gained mutation: You have a pair of small antennae on your
                  | head. [demonic ancestry]
  1407 | D:2      | Reached XP level 4. HP: 33/35 MP: 6/6
  1638 | D:3      | Gained mutation: You have a pair of antennae on your head.
                  | [demonic ancestry]
  1638 | D:3      | Reached XP level 5. HP: 27/42 MP: 5/7
  1878 | D:3      | Reached *** piety under Lugonu
  2407 | D:4      | Gained mutation: You possess an exceptional clarity of
                  | mind. [potion of mutation]
  2407 | D:4      | Gained mutation: You are clumsy. (Dex -2) [potion of
                  | mutation]
  2407 | D:4      | Gained mutation: You are somewhat resistant to further
                  | mutation. [potion of mutation]
  2481 | D:4      | Found Tolaitwen's Magic Scroll Shoppe.
  2507 | D:4      | Bought a scroll of remove curse for 36 gold pieces
  2507 | D:4      | Bought a scroll of identify for 24 gold pieces
  2530 | D:4      | Reached skill level 1 in Short Blades
  2658 | D:4      | Noticed a phantom
  2668 | D:4      | Banished a phantom
  2668 | D:4      | Reached skill level 1 in Stealth
  2668 | D:4      | Reached skill level 4 in Invocations
  2668 | D:4      | Reached XP level 6. HP: 20/48 MP: 7/9
  2862 | D:4      | Found a staircase to the Ecumenical Temple.
  3050 | Temple   | Entered the Ecumenical Temple
  3330 | D:5      | Entered Level 5 of the Dungeon
  3438 | D:5      | HP: 1/48 [gnoll sergeant/+0 trident (5)]
  3913 | D:5      | Noticed Sigmund
  3933 | D:5      | Banished Sigmund
  3933 | D:5      | Reached skill level 5 in Invocations
  3933 | D:5      | Gained mutation: You regenerate a little health from kills.
                  | [demonic ancestry]
  3933 | D:5      | Reached XP level 7. HP: 11/55 MP: 10/10
  3989 | D:5      | Killed from afar by a shadow imp

Illustrated notes

Levels and vault maps discovered:
D:1:      matt_arrival_grand_opening, layout_basic, minmay_misc_feat_pillars,
          minmay_indecisive_spiral
D:2:      layout_rooms, first_ration, chequers_ecumenical_altar_grove,
          uniq_crazy_yiuf_cottage
D:3:      layout_loops_cross, marbit_many_paths
D:4:      layout_rooms, minmay_temple_entry_waves, serial_shops,
          nicolae_shop_statue_plus
D:5:      layout_basic, serial_bayou_pond_e, uniq_sigmund, uniq_eustachio
Temple:   dshaligram_water_room_temple

Skill      XL: |  1  2  3  4  5  6 |
---------------+-------------------+-----
Armour         | 2 |  2.9
Dodging        | 1 2 |  2.5
Long Blades    | 2 |  2.9
Invocations    | 3 4 5 |  5.0
Fighting       | 4 |  4.5
Short Blades   | 1 2 |  2.5
Stealth        | 1 |  1.5

Action                   |  1- 3 |  4- 6 |  7- 9 || total
-------------------------+-------+-------+-------++-------
Melee: Falchion          |    88 |       |       ||    88
       Dagger            |     9 |   157 |     6 ||   172
Invok: Bend Space        |       |     1 |       ||     1
       Banish            |       |     2 |     1 ||     3
  Use: Potion            |     3 |     3 |     1 ||     7
       Scroll            |     3 |     3 |       ||     6
 Stab: Sleeping          |     1 |       |       ||     1
  Eat: Ration            |     2 |     2 |     1 ||     5
Armor: Leather armour    |    24 |    26 |       ||    50
Dodge: Dodged            |    78 |    79 |     2 ||   159
       Rpst.: Falchion   |    20 |       |       ||    20
